 Seeded DCSS version 0.31-a0-667-g39726597b9 (webtiles) character file.

Game seed: 8226958467842168542 (custom seed)

1 demibob the Slasher (level 1, -6/19 HPs)
             Began as a Minotaur Chaos Knight on Sept 3, 2023.
             Was a Plaything of Xom.
             Mangled by a gnoll
             ... wielding a +0 whip
              (10 damage)
             ... on level 1 of the Dungeon.
             The game lasted 00:00:09 (88 turns).

demibob the Slasher (Minotaur Chaos Knight)           Turns: 88, Time: 00:00:11

Health: -6/19      AC:  5    Str: 16    XL:     1   Next: 16%
Magic:  0/0        EV: 11    Int:  9    God:    Xom [..*...]
Gold:   38         SH:  0    Dex:  9    Spells: 0/0 levels left

rFire   . . .        a - +0 falchion (chaos)
rCold   . . .        (no shield)
rNeg    . . .        b - +2 leather armour
rPois   .            (helmet restricted)
rElec   .            (no cloak)
rCorr   .            (no gloves)
SInv    .            (no boots)
Will    .....        (no amulet)
Stlth   +            (no ring)
HPRegen 0.23/turn    (no ring)
MPRegen 0.07/turn

%: no passive effects
@: no status effects
A: horns 2, retaliatory headbutt
a: Renounce Religion


You were on level 1 of the Dungeon.
You worshipped Xom.
You were a toy of Xom.
You visited 1 branch of the dungeon, and saw 1 of its levels.

You collected 38 gold pieces.


Innate Abilities, Weirdness & Mutations

You have a pair of horns on your head.
You reflexively headbutt those who attack you in melee.


   Skills:
 - Level 3.6 Fighting
 + Level 3.7 Long Blades
 - Level 2.4 Armour
 - Level 1.1 Dodging


You couldn't memorise any spells.
You didn't know any spells.
Your spell library was empty.

Inventory:

Hand Weapons
 a - a +0 falchion of chaos (weapon)
Armour
 b - a +2 leather armour (worn)
Scrolls
 c - a scroll of butterflies
 e - a scroll of blinking {unknown}
Potions
 d - a potion of heal wounds {unknown}
 f - a potion of curing {unknown}

Dungeon Overview and Level Annotations

Branches:
Dungeon (1/15)

Altars:

#..⌠.. .... .## #.....
...# .. #..... . #... ..
░..... .. ... .# #.....
... ..#.## #.##.....
.... J...# #.##..⌠..
#..##g..# #.##.....
#..b@b.# #.##.....
...####...######.#######
...............#.#######
...####.b...............
#.................
#.........######.#
#.........# #.#
#.......### #.#
###.....# ###


You could see a gnoll (strong, resistant, ally target), an endoplasm and a bat.


Message History

No target in view!
No target in view!
No target in view!
No target in view!
f - a glowing sapphire potion A gnoll comes into view.
It is wielding a +0 whip.
A gnoll is nearby!
A gnoll is nearby!
A bat and an endoplasm come into view.
The endoplasm quivers.
The endoplasm moves out of view.
You miss the bat. The bat hits you. The bat barely misses you.
You hit the gnoll.
The gnoll seems to grow stronger.
The gnoll is moderately wounded.
The bat closely misses you. The gnoll hits you with a +0 whip!
Ouch! That really hurt!
* * * LOW HITPOINT WARNING * * *
A shower of butterflies erupts from you!
You barely miss the gnoll. Your headbutt misses the gnoll.
The gnoll is moderately wounded.
The bat barely misses you. The gnoll hits you with a +0 whip.
* * * LOW HITPOINT WARNING * * *
You hit the gnoll.
The gnoll suddenly seems more resistant.
Your headbutt misses the gnoll.
The gnoll is severely wounded.
The bat misses you. The gnoll hits you with a +0 whip!
Ouch! That really hurt!
You die...
Xom chortles!

Action                     || total
---------------------------++-------
  Melee: Falchion          ||     6
 Armour: Leather armour    ||     4
  Dodge: Dodged            ||     6

Levels and vault maps discovered:
D:1:      psy_arrival_statuary, layout_rooms

Notes
Turn   | Place    | Note
-------+----------+-------------------------------------------
     0 | D:1      | demibob the Minotaur Chaos Knight began the quest for the
                  | Orb.
     0 | D:1      | Reached XP level 1. HP: 19/19 MP: 0/0
    86 | D:1      | XOM: butterfly on damage
    88 | D:1      | Mangled by a gnoll

Vanquished Creatures
  An endoplasm (D:1)
1 creature vanquished.

Table legend: (Time is in decaauts)
 A = Elapsed time spent in this place.
 B = Non-inter-level travel time spent in this place.
 C = Inter-level travel time spent in this place.
 D = Time resting spent in this place.
 E = Time spent auto-exploring this place.
 F = Levels seen in this place.
 G = Mean time per level.
                   A        B        C        D        E       F      G
               +--------+--------+--------+--------+--------+-----+--------+
         Total |     88 |     88 |      0 |      0 |     71 |   1 |   88.0 |
       Dungeon |     88 |     88 |      0 |      0 |     71 |   1 |   88.0 |
               +--------+--------+--------+--------+--------+-----+--------+

Top non-repeatable levels by time:
     D:1: 88 daAuts

Table legend:
 A = Non-vault XP
 B = Vault XP
 C = Vault XP percentage of total XP
 D = Non-vault monster count
 E = Vault monster count
 F = Vault count percentage of total count
                 A         B        C        D         E       F
            +---------+---------+-------+---------+---------+-------
      Total |       2 |       0 |   0.0 |       1 |       0 |   0.0
            +---------+---------+-------+---------+---------+-------
        D:1 |       2 |       0 |   0.0 |       1 |       0 |   0.0
            +---------+---------+-------+---------+---------+-------
